 Dungeon Crawl Stone Soup version 0.17-a0-778-g2ffce82 (webtiles) character file.

332 FedoraBrony69 the Conjurer (level 6, 0/32 HPs)
             Began as a Deep Elf Conjurer on Apr 25, 2015.
             Was an Initiate of Sif Muna.
             Slain by a gnoll
             ... wielding a +0 spear
              (5 damage)
             ... on level 4 of the Dungeon.
             The game lasted 00:07:34 (2661 turns).

FedoraBrony69 the Conjurer (Deep Elf Conjurer)      Turns: 2661, Time: 00:07:34

Health: 0/32       AC:  2    Str:  5    XL:     6   Next: 26%
Magic:  1/17       EV:  8    Int: 22    God:    Sif Muna [......]
Gold:   134        SH:  0    Dex: 15    Spells: 3 memorised, 7 levels left

rFire  . . .     SeeInvis .     t - +3 trident (flame)
rCold  + . .     Clarity  .     a - +0 robe
rNeg   . . .     SustAb   .     (no shield)
rPois  .         Gourm    .     (no helmet)
rElec  .         Spirit   .     (no cloak)
rCorr  .         Warding  .     (no gloves)
rMut   +         Stasis   .     (no boots)
MR     .....                    e - amulet of resist mutation
Stlth  ++........               (no ring)
                                i - ring of protection from cold

@: very slightly contaminated, not resistant to hostile enchantments, unstealthy
A: no striking features
a: Renounce Religion


You were on level 4 of the Dungeon.
You worshipped Sif Muna.
Sif Muna was noncommittal.
You were near starving.

You visited 1 branch of the dungeon, and saw 4 of its levels.

You collected 134 gold pieces.

Inventory:

Hand weapons
 t - a +3 trident of flaming (weapon)
Armour
 a - a +0 robe (worn)
Jewellery
 e - an amulet of resist mutation (around neck)
 i - a ring of protection from cold (left hand)
Scrolls
 d - a scroll of amnesia {unknown}
 f - 2 scrolls of blinking {unknown}
 h - a scroll of teleportation {unknown}
 k - a scroll of enchant weapon {unknown}
 q - a scroll of enchant armour {unknown}
 r - 2 scrolls of remove curse {unknown}
 s - 3 scrolls of identify {unknown}
Potions
 n - a potion of resistance {unknown}
 p - a potion of poison {unknown}
Books
 b - a book of Conjurations

   Spells                             Type                      Level
   a - Magic Dart                     Conjuration                  1
   b - Searing Ray                    Conjuration                  2
   c - Dazzling Spray                 Conjuration/Hexes            3
   d - Fulminant Prism                Conjuration/Hexes            4
   e - Iskenderun's Mystic Blast      Conjuration                  4
   f - Iskenderun's Battlesphere      Conjuration/Charms           5
Comestibles
 c - 3 bread rations
 j - 2 meat rations
 m - 2 slices of pizza
 o - a beef jerky


   Skills:
 - Level 2.4 Dodging
 - Level 2.4 Stealth
 + Level 6.2 Spellcasting
 + Level 6.2 Conjurations
 * Level 3.8 Charms


You had 7 spell levels left.
You knew the following spells:

 Your Spells              Type           Power        Failure   Level  Hunger
a - Magic Dart            Conj           ####         1%          1    None
b - Iskenderun's Battles  Conj/Chrm      ####....     34%         5    #####..
c - Iskenderun's Mystic   Conj           ####....     10%         4    ###....


Dungeon Overview and Level Annotations

Branches:
Dungeon (4/15)
 Temple: D:4-7

Altars:
Ashenzari
Sif Muna
Yredelemnul


Message History

Press: ? - help, Shift-Dir - straight line, f - gnoll
Aim: a gnoll, wielding a spear You miscast Iskenderun's Mystic Blast.
You are very lightly contaminated with residual magic.
Your skin glows momentarily.
The gnoll hits you from afar with a spear!
Casting: Iskenderun's Mystic Blast
Confirm with . or Enter, or press ? or * to list all spells.
Aiming: Iskenderun's Mystic Blast
Press: ? - help, Shift-Dir - straight line, f/p - gnoll
Aim: a gnoll, wielding a spear The orb of energy hits the gnoll.
The gnoll is heavily wounded.
The gnoll hits you from afar with a spear.
* * * LOW HITPOINT WARNING * * *
Casting: Iskenderun's Mystic Blast
Confirm with . or Enter, or press ? or * to list all spells.
You don't have enough magic to cast that spell.
The gnoll hits you from afar with a spear.
You die...

...............
............##
###.........##
##8#........##
##..........##
##..8#.......#
#
##.g.##.......#
##
#8.)##......>##
#.
#.@.#........#
##
#8))##......##
##...##....##
##..8#...##
##.....##
##8#### ###


You could see a gnoll.

Vanquished Creatures
  5 orc wizards
  2 worker ants
  4 gnolls
  6 adders
  2 worms
  2 giant geckos
  8 orcs
  A ball python (D:2)
  3 giant cockroaches
  6 hobgoblins
  3 jackals (D:1)
  3 kobolds
  A quokka (D:2)
  7 bats
  4 giant newts
  6 goblins
  2 rats (D:1)
65 creatures vanquished.

Notes
Turn   | Place    | Note
--------------------------------------------------------------
     0 | D:1      | FedoraBrony69, the Deep Elf Conjurer, began the quest for the Orb.
     0 | D:1      | Reached XP level 1. HP: 10/10 MP: 6/6
   159 | D:1      | Reached XP level 2. HP: 15/15 MP: 2/8
   705 | D:2      | Reached XP level 3. HP: 19/19 MP: 7/10
   824 | D:2      | Reached skill level 5 in Conjurations
   888 | D:2      | You fall through a shaft!
   973 | D:2      | Reached XP level 4. HP: 24/24 MP: 5/12
  1155 | D:2      | Found a basalt altar of Yredelemnul.
  1251 | D:2      | Reached skill level 5 in Spellcasting
  1480 | D:3      | Learned a level 4 spell: Iskenderun's Mystic Blast
  1492 | D:3      | Found a shattered altar of Ashenzari.
  1639 | D:3      | Found a deep blue altar of Sif Muna.
  1824 | D:3      | Became a worshipper of Sif Muna the Loreminder
  1872 | D:3      | Reached XP level 5. HP: 28/28 MP: 9/15
  1879 | D:3      | Learned a level 5 spell: Iskenderun's Battlesphere
  2083 | D:3      | Reached skill level 1 in Charms
  2300 | D:4      | Reached skill level 6 in Conjurations
  2308 | D:4      | Reached XP level 6. HP: 11/32 MP: 3/17
  2320 | D:4      | HP: 1/32 [something (3)]
  2661 | D:4      | Slain by a gnoll

Action                   |  1- 3 |  4- 6 || total
-------------------------+-------+-------++-------
Melee: Trident           |       |     5 ||     5
 Cast: Magic Dart        |    62 |    77 ||   139
       Iskenderun's Myst |       |    13 ||    13
  Use: Potion            |       |     1 ||     1
  Eat: Chunk             |       |     5 ||     5
